 Dungeon Crawl Stone Soup version 0.31-a0-489-g282fc92437 (webtiles) character file.

Game seed: 7950545884965755439

22 Ethylacetat the Trooper (level 2, 0/16 HPs)
             Began as a Vine Stalker Monk on Aug 8, 2023.
             Succumbed to an adder's poison
             ... on level 2 of the Dungeon.
             The game lasted 00:00:37 (1049 turns).

Ethylacetat the Trooper (Vine Stalker Monk)         Turns: 1049, Time: 00:00:37

Health: 0/16       AC:  4    Str: 13    XL:     2   Next: 91%
Magic:  3/3        EV: 13    Int: 10    God:
Gold:   25         SH:  0    Dex: 16    Spells: 1/1 levels left

rFire   . . .        a - +0 hand axe
rCold   . . .        d - orb {light}
rNeg    . . .        b - +0 robe
rPois   .            (no helmet)
rElec   +            (no cloak)
rCorr   .            (no gloves)
SInv    .            (no boots)
Will    .....        (no amulet)
Stlth   +            (no ring)
HPRegen 0.22/turn    (no ring)
MPRegen 0.08/turn

%: guardian spirit
@: lethally poisoned (0 -> -4), glowing
A: fangs 2, magic shield, antimagic bite, no potion heal 2, iridescent scales 1,
electricity resistance
a: no special abilities


You were on level 2 of the Dungeon.
You visited 1 branch of the dungeon, and saw 2 of its levels.

You collected 25 gold pieces.

Inventory:

Hand Weapons
 a - a +0 hand axe (weapon)
Armour
 b - a +0 robe (worn)
 d - an orb of light (worn)
Scrolls
 e - a scroll of immolation {unknown}
 g - a scroll of summoning {unknown}
 j - a scroll of silence {unknown}
Potions
 c - a potion of ambrosia
 f - a potion of mutation
 h - a potion of lignification {unknown}
 i - a potion of berserk rage {unknown}


   Skills:
 + Level 3.1 Fighting
 + Level 3.0 Axes
 + Level 2.7 Dodging


You had one spell level left.
You didn't know any spells.
Your spell library was empty.

Dungeon Overview and Level Annotations

Branches:
Dungeon (2/15)

Altars:


Innate Abilities, Weirdness & Mutations

You have extremely sharp teeth.
When hurt, damage is shared between your health and your magic reserves.
Your bite disrupts and absorbs the magic of your enemies.
Potions cannot restore your health.
You are partially covered in iridescent scales. (AC +2)
You are resistant to electric shocks. (rElec)


Message History

The adder misses you. The hobgoblin misses you.
The adder bites you but does no damage.
The ball python bites you but does no damage.
The ball python closely misses you.
You slash the ball python!
You kill the ball python!
You barely miss the hobgoblin. You hit the adder.
You feel sick. The adder bites you but does no damage. The hobgoblin hits you.
The adder closely misses you.
You are too injured to fight recklessly!
Unknown command.
You are too injured to fight recklessly!
Unknown command.
You are too injured to fight recklessly!
Unknown command.
You are too injured to fight recklessly!
Unknown command.
You are too injured to fight recklessly!
You barely miss the hobgoblin.
The hobgoblin is lightly wounded.
You barely miss the adder.
You feel sick. The hobgoblin barely misses you. The adder closely misses you.
You completely miss the adder.
The adder is heavily wounded.
You hit the hobgoblin.
You feel sick. The hobgoblin misses you. The adder bites you.
* * * LOW HITPOINT WARNING * * *
You are lethally poisoned!
The adder poisons you!
It was a potion of mutation.
You feel extremely strange.
You feel insulated.
Iridescent scales grow over part of your body.
* * * LOW HITPOINT WARNING * * *
You feel sick. The adder bites you but does no damage.
The hobgoblin closely misses you. The adder closely misses you.
You completely miss the adder. You bite the adder. You drain its power.
You feel invigorated.
The adder is almost dead.
You hit the hobgoblin.
You die...

#.. #.#.#
#.#.#
#.#.# .
#(#.####..
#.#.....
#.#...#
#<#g..+
#.@S..#
#..†..#
#.....#
#.$...#
#....##
......
......#
###....#


You could see an adder and a hobgoblin.

Vanquished Creatures
  A bat (D:1)
  2 endoplasms (D:1)
  2 giant cockroaches (D:1)
  A goblin (D:1)
  3 hobgoblins (D:1)
  6 kobolds (D:1)
  A quokka (D:1)
  2 ball pythons
  A frilled lizard (D:1)
19 creatures vanquished.

Notes
Turn   | Place    | Note
-------+----------+-------------------------------------------
     0 | D:1      | Ethylacetat the Vine Stalker Monk began the quest for the
                  | Orb.
     0 | D:1      | Reached XP level 1. HP: 11/11 MP: 2/2
    96 | D:1      | Reached XP level 2. HP: 16/16 MP: 3/3
  1048 | D:2      | Gained mutation: You are resistant to electric shocks.
                  | (rElec) [potion of mutation]
  1048 | D:2      | Gained mutation: You are partially covered in iridescent
                  | scales. (AC +2) [potion of mutation]
  1049 | D:2      | Succumbed to an adder's poison

Illustrated notes

Levels and vault maps discovered:
D:1:      erik_arrival_cave_to_civilisation [erik_arrival_cave_to_hall],
          layout_basic
D:2:      layout_basic

Skill      XL: |  1  2 |
---------------+-------+-----
Fighting       | 3 |  3.1
Axes           | 3 |  3.0
Dodging        | |  2.7

Action                     || total
---------------------------++-------
  Melee: Hand axe          ||    43
         Bite              ||    16
    Use: Potion            ||     1
 Armour: Robe              ||     7
  Dodge: Dodged            ||    31

Table legend: (Time is in decaauts)
 A = Elapsed time spent in this place.
 B = Non-inter-level travel time spent in this place.
 C = Inter-level travel time spent in this place.
 D = Time resting spent in this place.
 E = Time spent auto-exploring this place.
 F = Levels seen in this place.
 G = Mean time per level.
                   A        B        C        D        E       F      G
               +--------+--------+--------+--------+--------+-----+--------+
         Total |   1055 |    984 |     71 |      0 |    877 |   2 |  527.5 |
       Dungeon |   1055 |    984 |     71 |      0 |    877 |   2 |  527.5 |
               +--------+--------+--------+--------+--------+-----+--------+

Top non-repeatable levels by time:
     D:1: 1044 daAuts
     D:2: 10 daAuts
